 Dungeon Crawl Stone Soup version 0.26-a0-466-g989023bd0d (webtiles) character file.

Game seed: 3173581178137318858

14 Lanoc the Chiller (level 2, 0/19 HPs)
             Began as a Demonspawn Ice Elementalist on Aug 8, 2020.
             Slain by a kobold
             ... wielding a +0 short sword
              (5 damage)
             ... on level 2 of the Dungeon.
             The game lasted 00:00:57 (227 turns).

Lanoc the Chiller (Demonspawn Ice Elementalist)      Turns: 227, Time: 00:00:58

Health: 0/19       AC:  2    Str:  8    XL:     2   Next: 31%
Magic:  3/5        EV: 14    Int: 16    God:
Gold:   29         SH:  0    Dex: 13    Spells: 4/5 levels left

rFire    . . .     SeeInvis .   (no weapon)
rCold    . . .     Faith    .   (no shield)
rNeg     . . .     Spirit   .   a - +0 robe
rPois    .         Reflect  .   (no helmet)
rElec    .         Harm     .   (no cloak)
rCorr    .                      (no gloves)
MR       .....                  (no boots)
Stlth    ++........             (no amulet)
HPRegen  0.06/turn              (no ring)
MPRegen  0.09/turn              (no ring)

@: no status effects
A: repulsion field 1
a: no special abilities


You were on level 2 of the Dungeon.
You visited 1 branch of the dungeon, and saw 2 of its levels.

You collected 29 gold pieces.

Inventory:

Armour
 a - a +0 robe (worn)


   Skills:
 + Level 2.1 Dodging
 - Level 1.7 Stealth
 - Level 2.0 Spellcasting
 * Level 4.0 Ice Magic


You had 4 spell levels left.
You knew the following spells:

 Your Spells              Type           Power        Failure   Level
a - Freeze                Ice            ##..         4%          1

Your spell library contained the following spells:

 Spells                   Type           Power        Failure   Level
 Frozen Ramparts          Ice            ##....       12%         3
 Ozocubu's Armour         Ice            ##......     12%         3
 Hailstorm                Conj/Ice       #.......     65%         4
 Summon Ice Beast         Ice/Summ       #.......     65%         4


Dungeon Overview and Level Annotations

Branches:
Dungeon (2/15)

Altars:


Innate Abilities, Weirdness & Mutations

You are surrounded by a mild repulsion field. (EV +2)


Message History

The hobgoblin is almost dead.
The hobgoblin hits you with a +0 club.
* * * LOW HITPOINT WARNING * * *
You hit the hobgoblin.
You kill the hobgoblin!
You closely miss the kobold. The kobold hits you but does no damage.
As you read the scroll labeled AHUCOMNU SITO, it crumbles to dust.
You assume a fearsome visage.
The dart slug looks frightened!
The kobold looks frightened!
It was a scroll of fear.
As you read the scroll labeled DIXTAD BOPNO, it crumbles to dust.
It is a scroll of identify.
You don't have any unidentified items.
The kobold nearly stumbles in trying to escape.
Things that are here:
a +0 club; a dart slug corpse You start resting.
A kobold is nearby!
The kobold throws a stone.
The stone hits you but does no damage.
The kobold hits you with a +0 short sword.
You die...

# .....#
#w#..#
..####
#....##
..
#.#.#.#
#...)##
#...#.#
#...###
#...#.#
#K##.##
#.@(.##
#.#.#.#
#....##
#....#
#....#
#.##.#
#.####
#......#
........#


You could see a kobold.

Vanquished Creatures
  An adder (D:2)
  A dart slug (D:2)
  A bat (D:1)
  A hobgoblin (D:2)
4 creatures vanquished.

Notes
Turn   | Place    | Note
-------+----------+-------------------------------------------
     0 | D:1      | Lanoc the Demonspawn Ice Elementalist began the quest for
                  | the Orb.
     0 | D:1      | Reached XP level 1. HP: 13/13 MP: 3/3
   169 | D:2      | Gained mutation: You are surrounded by a mild repulsion
                  | field. (EV +2) [demonic ancestry]
   169 | D:2      | Reached XP level 2. HP: 2/19 MP: 0/5
   191 | D:2      | Reached skill level 4 in Ice Magic
   227 | D:2      | Slain by a kobold

Illustrated notes

Levels and vault maps discovered:
D:1:      sevenhm_arrival_forest_fort_small_3, layout_loops_ring
D:2:      layout_loops_cross, kiku_gazebo_garden_becter,
          chequers_ecumenical_altar_simple_redux, minmay_misc_feat_rugged,
          chequers_big_river

Skill      XL: |  1  2 |
---------------+-------+-----
Dodging        | 2 |  2.1
Ice Magic      | 4 |  4.0
Stealth        | |  1.7
Spellcasting   | |  2.0

Action                   || total
-------------------------++-------
Melee: Unarmed           ||    20
 Cast: Freeze            ||     6
  Use: Scroll            ||     2
       Potion            ||     1
Armor: Robe              ||     4
Dodge: Dodged            ||    14

Table legend: (Time is in decaauts)
 A = Elapsed time spent in this place.
 B = Non-inter-level travel time spent in this place.
 C = Inter-level travel time spent in this place.
 D = Time resting spent in this place.
 E = Time spent auto-exploring this place.
 F = Levels seen in this place.
 G = Mean time per level.
                   A        B        C        D        E       F      G
               +--------+--------+--------+--------+--------+-----+--------+
         Total |    226 |    226 |      0 |     22 |    134 |   2 |  113.0 |
       Dungeon |    226 |    226 |      0 |     22 |    134 |   2 |  113.0 |
               +--------+--------+--------+--------+--------+-----+--------+

Top non-repeatable levels by time:
     D:2: 127 daAuts
     D:1: 99 daAuts
